[Event "7th Sharjah Masters 2024"]
[Site "Sharjah"]
[Date "2024.05.15"]
[Round "2.25"]
[White "Ter-Sahakyan, Samvel"]
[Black "Nikitenko, Mihail"]
[Result "1-0"]
[ECO "E07"]
[WhiteElo "2652"]
[BlackElo "2529"]
[Annotator "TA"]
[PlyCount "89"]
[EventDate "2024.05.13"]
[EventType "swiss"]
[EventCountry "UAE"]
[SourceTitle "playchess.com"]
[Source "ChessBase"]
[SourceQuality "1"]
[TimeControl "5400+30"]

1. d4 e6 2. c4 Nf6 3. Nf3 d5 4. g3 Be7 5. Bg2 O-O 6. O-O c6 7. Nc3 Nbd7 8. Qd3 b6 9. e4 Ba6 10. b3 Rc8 11. Rd1 c5 12. exd5 exd5 13. Nb5 cxd4 (13... Bxb5 $14 14. cxb5 Bd6) 14. Nfxd4 $16 (14. Nxa7 dxc4 15. bxc4 Rxc4 $11) (14. Qxd4 Bxb5 15. cxb5 Ne4 $15) 14... Nc5 15. Qc2 {[%emt 0:08:23] White has more active pieces.} Qd7 16. Bb2 Nce4 {[%emt 0:04:46] [#]} 17. Nc3 $1 {[%emt 0:07:06] Threatens to win with Nxd5.} Nxc3 (17... Bb7 $142) 18. Bxc3 Qc7 $2 {[%emt 0:06:22] Black cannot hold the game after this.} (18... Ne4 $16 {was necessary.}) 19. Nf5 $18 (19. Bxd5 $2 Nxd5 20. Bb2 Nf6 $19) 19... dxc4 20. Qd2 Kh8 21. Nxe7 ({Weaker is} 21. Qg5 Rg8 22. Rac1 (22. Nxe7 Qxe7 23. Re1 Qf8 $16) 22... Rcf8 $18) (21. Re1 $142 cxb3 22. Rac1 (22. Rxe7 Qxc3 23. Qxc3 Rxc3 $11) (22. Qg5 Rg8 $18)) 21... Qxe7 22. Bb4 {[%emt 0:00:09] A strong pair of Bishops.} Qe8 23. Bxf8 Qxf8 24. Rac1 h6 25. Qd6 Qxd6 26. Rxd6 cxb3 27. Rxc8+ Bxc8 28. axb3 {[%emt 0:00:07][%cal Ba2b3,Bb3b4,Bb4b5][%mdl 4128] [#] Endgame. Black must now prevent Rd8+. KRB-KBN} Be6 29. b4 g6 30. b5 Kg7 31. Rd4 Kf8 32. Bc6 Ke7 33. Ra4 Kd6 34. Rxa7 h5 35. f3 g5 $2 (35... Nd7 36. Kf2 (36. Rb7 Ne5 $18) 36... Ne5) 36. h4 {[%emt 0:01:30] White is clearly winning.} gxh4 37. gxh4 Ng8 38. Kf2 Nh6 39. Be8 Bd5 40. Bd7 Kc5 41. Ke3 f6 42. Kf4 Nf7 43. Be8 Ne5 44. Bxh5 Kxb5 45. Be8+ {[%emt 0:00:19] Weighted Error Value: White=0.19 (very precise) /Black=0.42.  Loses game:     	---       	Black=1      Mistake:       	White=1     	Black=3      Inaccurate:     	---       	Black=2      OK:         	White=14    	Black=6      Best:        	White=4     	---        Strong:       	White=1     	---} 1-0

[Event "7th Sharjah Masters 2024"]
[Site "Sharjah"]
[Date "2024.05.15"]
[Round "2.26"]
[White "Sargsyan, Shant"]
[Black "Sankalp Gupta"]
[Result "0-1"]
[ECO "C42"]
[WhiteElo "2637"]
[BlackElo "2532"]
[Annotator "TA"]
[PlyCount "88"]
[EventDate "2024.05.13"]
[EventType "swiss"]
[EventCountry "UAE"]
[SourceTitle "playchess.com"]
[Source "ChessBase"]
[SourceQuality "1"]
[TimeControl "5400+30"]

1. e4 e5 2. Nf3 Nf6 3. Nxe5 d6 4. Nf3 Nxe4 5. c4 Be7 6. d4 O-O 7. Bd3 Ng5 8. Nxg5 Bxg5 9. Qh5 Re8+ 10. Kd1 {[%emt 0:00:24] The position is equal.} Bxc1 11. Qxh7+ Kf8 12. Kxc1 Qg5+ 13. Nd2 {[%emt 0:00:44] Strongly threatening Qh8+.} Nc6 $1 {[%emt 0:00:57] Active counter play!} 14. f4 $1 Qxf4 {[%emt 0:04:26][%cal Oe8e3] Hoping for ...Re3!} 15. Qh8+ Ke7 16. Qxg7 {[%emt 0:00:17] And now Rf1 would win.} Qxd4 17. Qxd4 Nxd4 18. Nb3 Nc6 19. Kd2 Be6 20. Rae1 Rh8 21. Kc3 Rag8 22. Be4 Rg4 23. Nd2 Ne5 24. b3 ({Much weaker is} 24. Bxb7 c6 (24... Nxc4 25. Bf3 $11) (24... Bxc4 $2 25. Rxe5+ dxe5 26. Nxc4 $18) 25. g3 Rb8 (25... Nxc4 26. Rxe6+ fxe6 27. Nxc4 $11) 26. Rxe5 (26. Ba6 $2 Rb6 $19) 26... dxe5 27. Bxc6 Rc8 $17) 24... b6 25. g3 f5 26. Bf3 Rg7 27. Re2 Rgh7 $1 28. Bd5 Bxd5 29. cxd5 Rh3 30. Rf1 Rxh2 31. Rxh2 Rxh2 32. Rxf5 $17 {[%emt 0:00:04][%mdl 4096] Endgame. KRN-KRN} Re2 (32... Rg2 $17 33. Ne4 Re2 (33... Rxa2 34. Rh5 $17)) 33. Rg5 $2 {[%emt 0:02:35][%mdl 8192] [#] Now White is beyond hope.} (33. Nc4 $1 $15) 33... Rxd2 $1 $19 34. Rxe5+ (34. Rg7+ Kf6) 34... dxe5 35. Kxd2 {[%emt 0:00:02] KP-KP} Kd6 36. b4 {[%emt 0:01:14] [#]} a6 $1 ({Weaker is} 36... Kxd5 37. b5 $11) 37. a4 Kxd5 {[%emt 0:02:50] Black mates.} 38. b5 axb5 39. axb5 c5 40. bxc6 Kxc6 {[%emt 0:00:02] KPP-KP} 41. g4 Kd5 42. Kd3 b5 43. g5 Ke6 44. Ke4 b4 {[%emt 0:09:31] Weighted Error Value: White=0.72/Black=0.02 (flawless) .  Loses game:     	White=1     	---        Mistake:       	---       	Black=1      Inaccurate:     	White=5     	---        OK:         	White=8     	Black=7      Best:        	White=4     	Black=4      Strong:       	White=1     	Black=2      Brilliant:      	---       	Black=1} 0-1

[Event "7th Sharjah Masters 2024"]
[Site "Sharjah"]
[Date "2024.05.15"]
[Round "2.27"]
[White "Gavrilescu, David"]
[Black "Puranik, Abhimanyu"]
[Result "0-1"]
[ECO "C45"]
[WhiteElo "2540"]
[BlackElo "2631"]
[Annotator "TA"]
[PlyCount "20"]
[EventDate "2024.05.13"]
[EventType "swiss"]
[EventCountry "UAE"]
[SourceTitle "playchess.com"]
[Source "ChessBase"]
[SourceQuality "1"]
[TimeControl "5400+30"]

1. e4 e5 2. Nf3 Nc6 3. d4 exd4 4. Nxd4 Bc5 5. Nb3 Bb6 6. Nc3 Qf6 7. Qe2 Nge7 8. h4 d6 9. Bg5 Qe6 10. O-O-O h6 {[%emt 0:01:08][%mdl 32768] A rather calm draw.   Weighted Error Value: White=0.22 (precise) /Black=0.10 (very precise) .  Inaccurate:     	---       	Black=1      Best:        	White=1     	---       . Loss on time!?} 0-1

[Event "7th Sharjah Masters 2024"]
[Site "Sharjah"]
[Date "2024.05.15"]
[Round "2.28"]
[White "Siddharth, Jagadeesh"]
[Black "Banusz, Tamas"]
[Result "1-0"]
[ECO "C54"]
[WhiteElo "2512"]
[BlackElo "2623"]
[Annotator "TA"]
[PlyCount "53"]
[EventDate "2024.05.13"]
[EventType "swiss"]
[EventCountry "UAE"]
[SourceTitle "playchess.com"]
[Source "ChessBase"]
[SourceQuality "1"]
[TimeControl "5400+30"]

1. e4 e5 2. Nf3 Nc6 3. Bc4 Nf6 4. d3 Bc5 5. Bg5 d6 6. c3 h6 7. Bh4 a5 8. O-O Bd7 9. Re1 Ba7 {[%emt 0:00:30] White is slightly better.} 10. d4 g5 11. Bg3 Qe7 12. Na3 O-O-O 13. Bd5 Nh5 14. Nc4 Nxg3 15. hxg3 g4 16. Nh4 {[%emt 0:01:53] Bxc6 is the strong threat.} exd4 17. Bxc6 $1 bxc6 ({Black should try} 17... Bxc6 $14 18. Nxa5 (18. cxd4 Qf6 $11) 18... Bd7) 18. Qa4 (18. cxd4 $6 Qf6 $16) (18. Nxa5 Qe5 19. b4 (19. Nc4 Qb5 $15) 19... dxc3 $11) (18. Qd3 $18 Kb8 19. Nf5 (19. cxd4 d5 $16) (19. Nxa5 Qe5 $11)) 18... d5 19. Qxa5 {[%emt 0:11:54] White wants to mate with Qa6+.} Qc5 20. Qa6+ Kb8 21. Ne5 {[%emt 0:00:03] cxd4 would now be deadly.} dxc3 ({Black should play} 21... Rhe8 22. exd5 (22. Nxf7 Rc8 $11) 22... Qxd5) 22. bxc3 $16 {[%emt 0:01:58][%cal Bb2c3,Bc3c4][%mdl 32] Black must now prevent Nd3.} Bb6 {[%emt 0:01:14] [#]} (22... Qxf2+ 23. Kh2 Qc5 24. Nxd7+ Rxd7 25. Reb1+ Bb6 26. Rb4 $18) 23. Kh2 $1 {[%emt 0:03:10] White is much more active.} (23. Nxf7 $2 Qxf2+ 24. Kh2 Qxf7 $19) 23... Rhe8 24. exd5 $40 {[%emt 0:05:17][%mdl 128] Threatening mate with Nxd7+. White attacks with force.} (24. Nxf7 Bc8 25. Qa4 Rd7 26. Nxh6 Rh7 $17 (26... Qxf2 27. Qxc6 Rde7 28. Qxd5 $11) (26... Qxc3 27. Rab1 $11)) 24... Qxd5 {[%emt 0:01:45][%mdl 8192] [#]} (24... Bc8 $16 {is tougher.} 25. Qa4 (25. Nxc6+ Qxc6 $18) 25... Rxe5 26. Rxe5 Rxd5 27. Rxd5 cxd5) 25. c4 $1 $18 {[%emt 0:09:25] White is clearly winning.} Qxe5 (25... Bc8 $142 26. Qxb6+ cxb6 27. cxd5 Kc7 28. Nxc6 (28. Nxf7 Rxe1 29. Rxe1 Rxd5 $18) 28... Rxe1 29. Rxe1 Rxd5) 26. Rxe5 Rxe5 27. Rb1 {[%emt 0:00:06] Weighted Error Value: White=0.14 (very precise) /Black=0.50.  Loses game:     	---       	Black=1      Mistake:       	White=1     	Black=3      Inaccurate:     	White=2     	Black=2      OK:         	White=7     	Black=4      Best:        	White=1     	Black=3      Strong:       	White=3     	---} 1-0

[Event "7th Sharjah Masters 2024"]
[Site "Sharjah"]
[Date "2024.05.15"]
[Round "2.29"]
[White "Suleymanli, Aydin"]
[Black "Blohberger, Felix"]
[Result "1/2-1/2"]
[ECO "C65"]
[WhiteElo "2621"]
[BlackElo "2506"]
[Annotator "TA"]
[PlyCount "37"]
[EventDate "2024.05.13"]
[EventType "swiss"]
[EventCountry "UAE"]
[SourceTitle "playchess.com"]
[Source "ChessBase"]
[SourceQuality "1"]
[TimeControl "5400+30"]

1. e4 e5 2. Nf3 Nc6 3. Bb5 Nf6 4. d3 Bc5 5. c3 O-O 6. O-O d5 7. Nbd2 Re8 8. b4 {[%emt 0:12:39] White has an edge.} Bf8 9. Bb2 a6 10. Ba4 b5 11. Bb3 h6 12. a3 Be6 13. Re1 dxe4 14. dxe4 Bxb3 15. Qxb3 a5 16. Nf1 Qd7 17. Rad1 Qe6 18. Qc2 Nb8 19. Ne3 {[%emt 0:10:15] Not much happened in this game.   Weighted Error Value: White=0.13 (very precise) /Black=0.06 (flawless) .  Inaccurate:     	White=3     	---        OK:         	White=4     	Black=6} 1/2-1/2

[Event "7th Sharjah Masters 2024"]
[Site "Sharjah"]
[Date "2024.05.15"]
[Round "2.30"]
[White "Zemlyanskii, Ivan"]
[Black "Gledura, Benjamin"]
[Result "1/2-1/2"]
[ECO "B95"]
[WhiteElo "2516"]
[BlackElo "2619"]
[Annotator "TA"]
[PlyCount "146"]
[EventDate "2024.05.13"]
[EventType "swiss"]
[EventCountry "UAE"]
[SourceTitle "playchess.com"]
[Source "ChessBase"]
[SourceQuality "1"]
[TimeControl "5400+30"]

1. e4 c5 2. Nf3 d6 3. d4 cxd4 4. Nxd4 Nf6 5. Nc3 a6 6. Bg5 e6 7. Qf3 Nbd7 8. O-O-O Qc7 9. Bd3 {[%emt 0:00:06] B95: Sicilian Najdorf: 6 Bg5 e6, unusual White 7th moves.} h6 10. Bh4 Be7 11. Rhe1 Ne5 12. Qe2 g5 13. Bg3 b5 14. a3 Rb8 15. h4 Bd7 $146 ({Predecessor:} 15... Qc5 16. Nb3 Qb6 17. hxg5 hxg5 18. Rh1 Rf8 19. f3 Bd7 20. Bf2 Qc7 21. Be3 Rg8 {1-0 Bedia,M (2342)-Potrekeev,P (2152) Krasnodar Region-ch 2009 (1)}) 16. hxg5 hxg5 17. Rh1 Rg8 18. f3 Rc8 19. Nb3 Bc6 20. Kb1 Nfd7 21. Rh6 Ba8 22. a4 bxa4 23. Nxa4 Nc4 24. Rdh1 Qc6 25. Rh8 Rf8 26. Nc3 Nde5 27. Bxe5 dxe5 28. Bxc4 Qxc4 29. Rxf8+ Bxf8 30. Qd2 f6 31. Rd1 Qc7 32. Qd3 Qa7 33. Na5 Kf7 34. Qd7+ Qxd7 35. Rxd7+ Kg6 36. Ra7 Bb4 37. Rxa6 Bxc3 38. bxc3 g4 39. c4 Re8 40. c5 (40. fxg4 Bxe4 $15) 40... gxf3 $2 (40... Rc8 $16 41. c6 (41. fxg4 Bxe4 42. Nb3 Bd5 $15) (41. Rxe6 Rxc5 42. Nb3 Rc7 $14) 41... gxf3 42. gxf3 f5) 41. gxf3 $18 f5 42. c6 Rc8 43. Nc4 $1 Kg5 44. Nxe5 fxe4 45. fxe4 Kf4 46. Ng6+ $1 Kxe4 {[%emt 0:00:20] [#]} 47. Ra4+ $2 (47. Kc1 $1 $18 {and the rest is easy.}) 47... Ke3 $16 {[%emt 0:00:41] [#]} 48. c7 (48. Ne7 $1 $16 Rc7 49. Rxa8 Rxe7 50. Ra4) 48... Be4 $1 $11 49. Ra3+ Kd2 50. Nf4 $1 Rxc7 51. Nxe6 Rb7+ 52. Ka1 Kc1 53. Nd4 Rb1+ 54. Ka2 Rb2+ 55. Ka1 Rb1+ (55... Bxc2 56. Ne2+ Kd2 57. Kxb2 $18) 56. Ka2 Rb2+ 57. Ka1 Rb4 (57... Bxc2 58. Ne2+ Kd2 59. Kxb2 $18) 58. Ne2+ Kd2 59. Nc3 Bxc2 60. Ka2 Rb7 61. Nd5 Bd3 62. Rc3 Rb5 63. Nc7 $1 Rb4 64. Ka3 Rb7 65. Nd5 Rb5 66. Nc7 Rb1 67. Rb3 Rc1 68. Nd5 $1 Bc4 69. Rb2+ Kd3 70. Nb4+ Kd4 71. Rd2+ Kc3 72. Rc2+ Rxc2 73. Nxc2 Kxc2 1/2-1/2

[Event "7th Sharjah Masters 2024"]
[Site "Sharjah"]
[Date "2024.05.15"]
[Round "2.31"]
[White "Maurizzi, Marc`Andria"]
[Black "Dronavalli, Harika"]
[Result "1-0"]
[ECO "C83"]
[WhiteElo "2618"]
[BlackElo "2504"]
[Annotator "TA"]
[PlyCount "95"]
[EventDate "2024.05.13"]
[EventType "swiss"]
[EventCountry "UAE"]
[SourceTitle "playchess.com"]
[Source "ChessBase"]
[SourceQuality "1"]
[TimeControl "5400+30"]

1. e4 e5 2. Nf3 Nc6 3. Bb5 a6 4. Ba4 Nf6 5. O-O Nxe4 6. d4 b5 7. Bb3 d5 8. dxe5 Be6 9. c3 Be7 10. Bc2 Bg4 {[%emt 0:00:30] Nowadays more popular than 10...0-0.} 11. Qe1 Nc5 12. Nbd2 Ne6 {[%emt 0:00:30] C83: Open Ruy Lopez: 9 c3 Be7.} 13. Nb3 $5 {[%emt 0:00:30][%mdl 4] A promising side line.} Bxf3 14. gxf3 Bg5 15. Kh1 Bxc1 16. Nxc1 $146 ({Predecessor:} 16. Rxc1 Qg5 17. Rd1 O-O 18. Rg1 Qf4 19. Qe2 Rad8 20. Rde1 Ng5 21. Nd2 f5 22. exf6 Qxf6 {0-1 Zapata,A (2515)-Garcia,G (2400) COL m Columbia 1986}) 16... Qh4 17. Nd3 Rd8 18. Rg1 Ne7 19. Rg4 Qh5 20. Qe2 c5 21. b4 c4 22. Nc5 Nxc5 23. bxc5 Qh6 24. Rag1 g6 25. f4 Qf8 26. a4 (26. f5 $14) 26... Nc6 (26... d4 $11 {remains equal.} 27. Be4 dxc3 (27... bxa4 $2 28. Bc2 $18) 28. axb5 axb5) 27. axb5 $16 axb5 28. f5 d4 $2 (28... Qxc5 $11 {and Black has nothing to worry.} 29. e6 f6) 29. e6 $18 d3 $2 (29... Qxc5 30. exf7+ Kf8 31. cxd4 (31. fxg6 hxg6 32. cxd4 Qe7 $18) 31... Nxd4) 30. exf7+ $18 Kd7 31. Bxd3 cxd3 32. Qxd3+ Kc7 33. Qxb5 (33. Qg3+ Kb7 34. fxg6 hxg6 35. Rxg6 Qxc5 $11 (35... Qxf7 $2 36. Rg7 $18)) 33... Rb8 34. Qc4 Qe7 35. Re4 Qd7 (35... Qf6 $142 36. Qe6 Qxe6 37. fxe6 Ne7) 36. Re6 $18 (36. fxg6 hxg6 37. Re6 (37. Rxg6 Rb1+ 38. Rg1 Rxg1+ 39. Kxg1 Rf8 $11) 37... Qd2 $18) 36... Rbd8 37. Qf4+ Kc8 38. Qe4 Nb8 39. c6 Qxf7 40. Rb1 ({Worse is} 40. fxg6 hxg6 41. Qe2 (41. Rexg6 {gets mated.} Rxh2+ 42. Kxh2 Qxf2+ 43. Kh3 Rh8+ 44. Kg4 Rh4+ 45. Kg5 Rxe4 46. Rg8+ Kc7 47. Rg4 Rxg4+ 48. Kxg4 Qg1+ 49. Kf5 Qxg8 50. Kf4 Nxc6 51. Kf3 Qc4 52. Kf2 Qxc3 53. Kg2 Nd4 54. Kh1 Qf3+ 55. Kh2 Nc2 56. Kg1 Ne3 57. Kh2 Qg2#) (41. Rgxg6 Qxf2 42. Rg2 Rxh2+ 43. Kxh2 Rh8+) 41... Rde8 42. Rxe8+ (42. Rgxg6 $2 {loses.} Qxg6 43. Rxg6 Rxe2 $19) 42... Rxe8 43. Qg4+ Qf5 44. Qxg6 Qf3+ 45. Qg2 Qxc6 $11 (45... Qxg2+ $2 46. Rxg2 Nxc6 47. h3 $19)) (40. f6 Rde8 41. c7 (41. Re7 Rxe7 42. fxe7 Re8 $15) 41... Nc6 (41... Rxe6 42. cxb8=Q+ Kxb8 43. Rb1+ Kc7 44. Qc4+ Kd8 45. Rb8+ Kd7 46. Rb7+ Kd6 47. Rb6+ Kd7 48. Qa4+ Kd8 49. Qa8+ Kd7 50. Qa7+ Ke8 51. Rb8#) (41... Qxe6 $2 42. cxb8=Q+ Kxb8 43. Rb1+ Kc7 44. Qb7+ Kd6 45. Qb6+ Ke5 46. Re1+ Kf5 47. Rxe6 $18) 42. Qxc6 (42. Rxe8+ Qxe8 43. Qc4 Kxc7 $11) 42... Qxe6 (42... Rxe6 $2 43. Qa8+ Kxc7 44. Qa7+ Kc6 45. Qxf7 $18) 43. Qa8+ Kxc7 (43... Kd7 44. Rd1+ Kxc7 45. Qa7+ Kc6 46. Qa6+ Kc5 47. Qa3+ Kc6 48. Qa6+ Kc7 49. Qa5+ Kc6 50. Qa6+ $11) 44. Qa7+ Kc6 45. Qa4+ Kc7 46. Qa7+ Kc6 47. Qa6+ Kc7 48. Qa7+ $11) 40... gxf5 41. Qe5 Qc7 42. Qxf5 Nd7 43. cxd7+ Rxd7 44. Reb6 Rhd8 45. R6b5 Qc6+ 46. f3 Kc7 47. Qe5+ Rd6 48. Rc5 1-0

[Event "7th Sharjah Masters 2024"]
[Site "Sharjah"]
[Date "2024.05.15"]
[Round "2.32"]
[White "Cardoso Cardoso, Jose Gabriel"]
[Black "Yuffa, Daniil"]
[Result "0-1"]
[ECO "B33"]
[WhiteElo "2497"]
[BlackElo "2617"]
[Annotator "TA"]
[PlyCount "72"]
[EventDate "2024.05.13"]
[EventType "swiss"]
[EventCountry "UAE"]
[SourceTitle "playchess.com"]
[Source "ChessBase"]
[SourceQuality "1"]
[TimeControl "5400+30"]

1. e4 c5 2. Nf3 Nc6 3. d4 cxd4 4. Nxd4 Nf6 5. Nc3 e5 6. Ndb5 d6 7. Nd5 Nxd5 8. exd5 Ne7 9. c4 Nf5 10. Bd3 g6 11. O-O a6 12. Nc3 Bg7 13. a4 O-O {[%emt 0:10:39] The position is equal.} 14. a5 b5 15. axb6 Qxb6 16. Ne4 Nd4 {[%emt 0:11:02] [#]} 17. b4 $1 f5 (17... Qd8 18. Be3) 18. c5 dxc5 (18... Qxb4 $2 19. Ba3 (19. Nxd6 Qxc5 20. Ba3 Qc3 $15) 19... Qb3 20. Nxd6 $18) 19. bxc5 Qa7 20. Nd6 (20. d6 fxe4 21. Bxe4 (21. Bc4+ $2 Kh8 $19) 21... Bd7 $17) 20... Qxc5 21. Ba3 Qc3 22. Nxc8 (22. Nc4 $5 e4 23. Bxf8 Kxf8 24. Ra3 $11) 22... Rfxc8 23. Be7 $1 a5 {[%emt 0:17:47] ...e4 would now be deadly.} 24. d6 {[%emt 0:05:07] And now d7 would win.} Bf8 25. Bb5 Kg7 26. Ba4 Qc5 (26... Bxe7 $6 27. dxe7 Qc5 28. e8=Q Rxe8 29. Bxe8 Rxe8 30. Qa4 $16) 27. Re1 Rab8 $1 $132 {[%emt 0:01:34][%mdl 2048] Black puts up resistance} (27... Bxe7 28. dxe7 Kf6 (28... Qxe7 $2 29. Qxd4 exd4 30. Rxe7+ Kh6 31. Rd7 $18) 29. e8=R (29. e8=B Rxe8 30. Bxe8 Rxe8 $18) 29... Rxe8 30. Bxe8 Rxe8 31. Qa4 $16) 28. Bd7 {[%emt 0:01:32] A strong pair of Bishops.} Rd8 29. Rc1 (29. Bxd8 Rxd8 30. Ba4 Bxd6 $15 (30... Qxd6 31. Rb1 $11)) 29... Qd5 {[%emt 0:00:52] [#] Dancing on a razor blade.} 30. Bc6 $1 Qb3 $1 31. Qxb3 Nxb3 32. Bxd8 Rxd8 33. Rc3 Nd4 34. Rxe5 $2 (34. Rc4 $11 {and White is okay.} Bxd6 35. Rd1) 34... Bxd6 $19 {[%emt 0:00:22] Black has a decisive advantage.} 35. Ree3 {[%emt 0:00:35] [#]} ({Of course not} 35. Rxa5 Ne2+ 36. Kf1 Nxc3 $19) ({Not} 35. Re8 $2 Rxe8 36. Bxe8 Ne2+ 37. Kh1 Nxc3 $19) 35... Bb4 $1 36. Rcd3 Nxc6 {[%emt 0:00:07] Weighted Error Value: White=0.20 (precise) /Black=0.11 (very precise) .  Loses game:     	White=1     	---        Inaccurate:     	White=3     	Black=3      OK:         	White=11    	Black=8      Best:        	White=1     	Black=2      Strong:       	White=1     	Black=3      Brilliant:      	White=1     	---} 0-1

[Event "7th Sharjah Masters 2024"]
[Site "Sharjah"]
[Date "2024.05.15"]
[Round "2.33"]
[White "Petrosyan, Manuel"]
[Black "Avila Pavas, Santiago"]
[Result "1-0"]
[ECO "B13"]
[WhiteElo "2618"]
[BlackElo "2516"]
[Annotator "RC"]
[PlyCount "175"]
[EventDate "2024.05.13"]
[EventType "swiss"]
[EventCountry "UAE"]
[SourceTitle "playchess.com"]
[Source "ChessBase"]
[SourceQuality "1"]
[TimeControl "5400+30"]

1. e4 c6 2. d4 d5 3. exd5 cxd5 4. Bd3 Nc6 5. c3 Nf6 6. Bf4 Bg4 7. Qb3 e5 8. h3 exf4 9. hxg4 Qe7+ 10. Kf1 O-O-O 11. Nd2 g5 12. Ngf3 h5 13. Qc2 Bg7 14. Re1 Qc7 15. gxh5 g4 16. Ne5 Kb8 17. Nxc6+ Qxc6 18. Ke2 Rxh5 19. Rxh5 Nxh5 20. Kd1 Re8 21. Rxe8+ Qxe8 22. Nf1 Bh6 23. Qe2 Qxe2+ 24. Bxe2 f5 25. Bd3 Ng7 26. f3 g3 27. Nd2 Bg5 28. Nb3 Be7 29. a4 Kc7 30. Ke2 Bd6 31. Na5 Be7 32. b4 b6 33. Nb3 Bd6 34. Bb5 Kb7 35. Nc1 a6 36. Bd3 a5 37. bxa5 bxa5 38. Bb5 Kc7 39. Kd3 Ba3 40. Nb3 Kb6 41. Kd2 Ne6 42. Kc2 Ng5 43. Nd2 Kc7 44. Bd3 Bd6 45. Bxf5 Kc6 46. Bg4 Bc7 47. Kd3 Nf7 48. c4 dxc4+ 49. Nxc4 Kd5 50. Na3 Nd6 51. Nb1 Kc6 52. Nc3 Bd8 53. Be6 Bg5 54. Ne2 Bh6 55. Nc1 Bg5 56. Nb3 Bd8 57. Kc3 Bb6 58. Nc1 Bd8 59. Nd3 Bg5 60. Ne5+ Kc7 61. Bg4 Kb6 62. Nd7+ Kc6 63. Nc5 Bh6 64. Kd3 Kb6 65. Bd7 Kc7 66. Be6 Kc6 67. Nd7 Kc7 68. Ne5 Bg5 69. Bh3 Bh6 70. Kc3 Kb6 71. Nd3 Kc6 72. Nc5 Kb6 73. Ne6 Kc6 74. Kd3 Kd5 75. Nd8 Ne8 76. Nb7 Bg7 77. Bd7 Nd6 78. Nxa5 Bxd4 79. Nc6 Bc5 80. Ne7+ Ke5 81. Ng6+ Kf6 82. Nxf4 Bf2 83. Bh3 Nb7 84. Kc4 Nc5 85. a5 Ke5 86. Ne2 Kd6 87. Nc3 Ke5 88. Bc8 1-0

[Event "7th Sharjah Masters 2024"]
[Site "Sharjah"]
[Date "2024.05.15"]
[Round "2.34"]
[White "Assaubayeva, Bibisara"]
[Black "Aditya Mittal"]
[Result "0-1"]
[ECO "D44"]
[WhiteElo "2481"]
[BlackElo "2608"]
[Annotator "TA"]
[PlyCount "100"]
[EventDate "2024.05.13"]
[EventType "swiss"]
[EventCountry "UAE"]
[SourceTitle "playchess.com"]
[Source "ChessBase"]
[SourceQuality "1"]
[TimeControl "5400+30"]

1. d4 Nf6 2. c4 e6 3. Nf3 d5 4. Bg5 dxc4 5. e4 b5 6. a4 c6 7. Nc3 b4 8. Nb1 Ba6 {[%emt 0:00:19] D44: Semi-Slav: Botvinnik System.} 9. Qc1 c3 10. bxc3 Bxf1 11. Kxf1 Nbd7 12. Nbd2 c5 13. dxc5 $146 ({Predecessor:} 13. cxb4 cxb4 14. g3 Rc8 15. Qb2 h6 16. Bxf6 Nxf6 17. Kg2 Be7 18. Rhc1 O-O 19. Ne5 {0-1 Dizdar,G (2570)-Sveshnikov,E (2575) SLO-chT 08th 1998 (5)}) 13... bxc3 14. Qxc3 Nxc5 15. Bxf6 gxf6 16. g3 Rc8 17. Rc1 Bh6 18. Kg2 O-O 19. Rc2 Nd3 20. Nc4 a5 21. Qa1 (21. Qxa5 $2 Qxa5 22. Nxa5 Rxc2 $19) (21. Rd1 $2 Nf4+ 22. gxf4 Qxd1 $19) 21... Qe7 ({Black should try} 21... Nb4 $15 22. Rc3 f5 23. exf5 Nd5) 22. Rc3 Rfd8 23. Rd1 Nb4 24. Nd4 (24. Rxd8+ {simplifies} Qxd8 25. Na3 Rxc3 26. Qxc3 Bg7 27. Qd4) 24... f5 25. Nxa5 (25. exf5 Qc5 26. fxe6 fxe6 (26... Rxd4 27. Nd6 $11) 27. Nxe6 Rxd1 (27... Qc6+ 28. Rf3 $15) 28. Qxd1 Qc6+ 29. Rf3 Qxe6 (29... Qxc4 $2 30. Qd7 $18) 30. Nxa5 Bg7 $15) 25... Bg7 $1 (25... fxe4 $2 26. Nac6 Qf8 27. Nxd8 Rxd8 28. Rc4 $18) 26. Qc1 Qe8 $1 27. Rxc8 (27. exf5 Na2 (27... Bxd4 $2 28. Rxd4 exf5 29. Rxb4 $18) 28. Qg5 Nxc3 $19 (28... Rxc3 29. Nxe6 fxe6 30. Rxd8 Kf8 31. fxe6 Rc8 32. e7+ Kf7 33. Qh5+ Ke6 34. Qxe8)) 27... Rxc8 28. Qa3 Bxd4 29. Qxb4 (29. Rxd4 $2 Nc2 30. Qb2 Nxd4 31. Qxd4 fxe4 32. Qxe4 h5 $19) 29... Bc3 30. Qb6 Kg7 31. Nb3 Qxa4 ({Much weaker is} 31... fxe4 $6 32. Nc5 $14) ({Much worse is} 31... Rb8 $6 32. Qe3 Bf6 (32... Rxb3 $2 33. Qg5+ Kf8 34. Rd8 $18) 33. Nc5 $16) 32. exf5 Qe4+ 33. Kg1 Qxf5 34. Qe3 Bf6 35. Nd4 (35. Rd3 $11) 35... Qd5 $15 36. Qf3 ({White has to play} 36. g4 $1 $15 Qa5 37. Nxe6+ fxe6 38. Rd7+ Kh8 39. Qxe6) 36... Rd8 $19 ({And not} 36... Bxd4 37. Qxd5 Bxf2+ 38. Kxf2 $11) 37. Nxe6+ Qxe6 38. Rxd8 Bxd8 39. Kg2 f5 40. Qc3+ Bf6 41. Qc7+ Kg6 42. Qb8 Bd4 43. Kf1 Qc4+ 44. Kg2 Qe6 45. Kf1 $1 Bc5 46. Qb5 Qd5 47. Qe8+ Kh6 48. Kg1 (48. h3 $142) 48... Qe4 $19 49. Qxe4 $2 (49. Qf7 $19 Qe1+ 50. Kg2 Qxf2+ 51. Kh3 Qf1+ 52. Kh4) 49... fxe4 50. Kf1 Kg5 0-1